 Dungeon Crawl Stone Soup version 0.28-a0-909-g796cbd3a86 (webtiles) character file.

Game seed: 16077073201858350090

601 Peloso the Slasher (level 7, -1/60 HPs)
             Began as a Minotaur Fighter on Nov 24, 2021.
             Slain by a lemure (8 damage)
             ... led by Pikel
             ... on level 5 of the Dungeon.
             The game lasted 00:08:47 (3500 turns).

Peloso the Slasher (Minotaur Fighter)               Turns: 3500, Time: 00:08:48

Health: -1/60      AC: 11    Str: 21    XL:     7   Next: 18%
Magic:  6/6        EV:  4    Int:  5    God:
Gold:   188        SH: 13    Dex: 11    Spells: 6/6 levels left

rFire   . . .      SeeInvis .   a - +0 long sword
rCold   + . .      Faith    .   c - +0 tower shield
rNeg    . . .      Spirit   .   g - +0 chain mail
rPois   .          Reflect  .   (helmet restricted)
rElec   .          Harm     .   (no cloak)
rCorr   .          Rampage  .   i - +0 pair of gloves
Will    .....                   (no boots)
Stlth   ..........              (no amulet)
HPRegen 0.20/turn               f - ring of protection from cold
MPRegen 0.10/turn               (no ring)

@: no status effects
A: horns 2, retaliatory headbutt
a: no special abilities


You were on level 5 of the Dungeon.
You visited 1 branch of the dungeon, and saw 5 of its levels.

You collected 200 gold pieces.
You spent 12 gold pieces at shops.

Inventory:

Hand Weapons
 a - a +0 long sword (weapon)
Armour
 b - a +0 scale mail
 c - a +0 tower shield (worn)
 g - a +0 chain mail (worn)
 i - a +0 pair of gloves (worn)
Jewellery
 f - a ring of protection from cold (left hand)
 j - a +4 ring of evasion
Scrolls
 e - 3 scrolls of identify {unknown}
 h - a scroll of enchant armour {unknown}
Potions
 d - a potion of haste {unknown}


   Skills:
 + Level 4.6 Fighting
 + Level 6.6 Long Blades
 + Level 5.2 Armour
 + Level 1.2 Dodging
 + Level 0.7 Stealth
 + Level 5.6 Shields


You had 6 spell levels left.
You didn't know any spells.
Your spell library contained the following spells:

 Spells                   Type           Power      Damage    Failure   Level
 Magic Dart               Conj           0%         1d3       100%        1
 Call Imp                 Summ           0%         N/A       100%        2
 Mephitic Cloud           Conj/Pois/Air  0%         N/A       100%        3


Dungeon Overview and Level Annotations

Branches:
Dungeon (5/15)             Temple (0/1) D:5

Altars:
Makhleb

Shops:
D:2 !(=

Annotations:
D:4 Edmund


Innate Abilities, Weirdness & Mutations

You have a pair of horns on your head.
You reflexively headbutt those who attack you in melee.


Message History

The lemure hits you but does no damage.
You hit the lemure but do no damage. You headbutt the lemure.
The lemure is severely wounded.
The gnoll hits you from afar with a +0 spear. x2
You block the lemure's attack. The lemure hits you but does no damage.
You block the gnoll's attack.
Unknown command.
You hit the lemure.
The lemure is severely wounded.
You block the gnoll's attack. The lemure hits you.
The lemure hits you but does no damage. You block the gnoll's attack.
The gnoll hits you from afar with a +0 spear.
You block the lemure's attack. The lemure hits you.
Unknown command.
You completely miss the lemure. Your headbutt misses the lemure.
The lemure is severely wounded.
The gnoll hits you from afar with a +0 spear.
You block the gnoll's attack. You block the lemure's attack.
The lemure hits you but does no damage.
The gnoll hits you from afar with a +0 spear.
Unknown command.
You closely miss the lemure.
You headbutt the lemure, but do no damage.
The lemure is severely wounded.
You block the gnoll's attack.
The lemure hits you but does no damage. x2
The gnoll hits you but does no damage. You block the gnoll's attack.
The lemure hits you. x2
* * * LOW HITPOINT WARNING * * *
You completely miss the lemure.
The lemure is severely wounded.
You block the gnoll's attack. x2; The lemure hits you.
* * * LOW HITPOINT WARNING * * *
The lemure hits you.
* * * LOW HITPOINT WARNING * * *
The gnoll hits you from afar with a +0 spear.
* * * LOW HITPOINT WARNING * * *
You barely miss the lemure.
The lemure is severely wounded.
You block the gnoll's attack. The lemure hits you!
You die...

#######
.....####
..[.....
.....8
#.:...⌠.⌠.
...h8.>.8
#5#..⌠5⌠g
#@#.8g8.
#######5#...
......gg#.#
..........#
.......#[.#
......$##<#
.......[....#
............#
.......###...#


You could see 2 lemures and 2 gnolls.

Vanquished Creatures
  Sigmund (D:3)
  A necrophage (D:5)
  A water moccasin skeleton (D:4)
  A howler monkey (D:3)
  A hound (D:5)
  An orc priest (D:4)
  Terence (D:2)
  An iguana (D:4)
  7 adders
  3 worms (D:2)
  5 dart slugs
  8 orcs
  6 ball pythons
  7 endoplasms
  6 giant cockroaches
  7 goblins
  10 hobgoblins
  A jackal (D:2)
  7 kobolds
  5 quokkas
  4 bats
  5 frilled lizards
89 creatures vanquished.

Notes
Turn   | Place    | Note
-------+----------+-------------------------------------------
     0 | D:1      | Peloso the Minotaur Fighter began the quest for the Orb.
     0 | D:1      | Reached XP level 1. HP: 19/19 MP: 0/0
   210 | D:1      | Reached XP level 2. HP: 27/27 MP: 1/1
   539 | D:1      | Found a faded altar of an unknown god.
   898 | D:2      | Found Recsat's Jewellery Boutique.
   976 | D:2      | Reached XP level 3. HP: 33/33 MP: 2/2
  1226 | D:2      | Found Xuehal's Distillery.
  1234 | D:2      | Reached skill level 3 in Long Blades
  1240 | D:2      | Bought a potion of degeneration for 12 gold pieces
  1393 | D:2      | Found a burning altar of Makhleb.
  1431 | D:2      | Found Heysarph's Weapon Emporium.
  1544 | D:2      | Reached XP level 4. HP: 24/40 MP: 3/3
  1840 | D:2      | Noticed Terence
  1848 | D:2      | Killed Terence
  1849 | D:2      | Reached skill level 4 in Long Blades
  2289 | D:3      | Reached XP level 5. HP: 47/47 MP: 4/4
  2414 | D:3      | Noticed Sigmund
  2427 | D:3      | Killed Sigmund
  2428 | D:3      | Reached skill level 1 in Dodging
  2428 | D:3      | Reached skill level 5 in Shields
  2428 | D:3      | Reached XP level 6. HP: 24/53 MP: 5/5
  2639 | D:3      | Reached skill level 5 in Long Blades
  2639 | D:3      | Reached skill level 5 in Armour
  3293 | D:4      | Reached skill level 6 in Long Blades
  3458 | D:4      | Noticed Edmund
  3479 | D:5      | Entered Level 5 of the Dungeon
  3480 | D:5      | Found a staircase to the Ecumenical Temple.
  3488 | D:5      | Reached XP level 7. HP: 57/60 MP: 6/6
  3500 | D:5      | Slain by a lemure

Illustrated notes

Levels and vault maps discovered:
D:1:      amcnicky_arrival_feature_with_door, layout_basic,
          dreamdust_ecumenical_altar_hidden_monk_grotto
D:2:      minmay_razor_zed, layout_loops_ring, basic_altar, serial_shops,
          nicolae_shop_advertising_works [nicolae_subvault_shop_adworks],
          nicolae_shop_trees, shop, minmay_pentomino_w2, uniq_terence
D:3:      layout_basic, minmay_misc_feat_room, minmay_misc_feat_rows,
          nicolae_concentric_dashed_squares_mild, uniq_sigmund
D:4:      layout_loops_corners, kennysheep_vampire_church, xom_teletrap_fun,
          kennysheep_little_box, uniq_edmund
D:5:      layout_rooms, minmay_temple_entry_statues_fountains, uniq_pikel

Skill      XL: |  1  2  3  4  5  6 |
---------------+-------------------+-----
Shields        | 4 5 |  5.6
Fighting       | 4 |  4.6
Armour         | 4 5 |  5.2
Long Blades    | 3 4 6 |  6.6
Dodging        | 1 |  1.2
Stealth        | |  0.7

Action                   |  1- 3 |  4- 6 |  7- 9 || total
-------------------------+-------+-------+-------++-------
Melee: Long sword        |    87 |   138 |    10 ||   235
       Headbutt          |     9 |    27 |     5 ||    41
  Use: Potion            |       |     2 |       ||     2
Armor: Scale mail        |    33 |    40 |       ||    73
       Chain mail        |       |    43 |    12 ||    55
Dodge: Dodged            |    16 |    25 |       ||    41
Block: Buckler           |     9 |       |       ||     9
       Tower shield      |    42 |   118 |    19 ||   179

Table legend: (Time is in decaauts)
 A = Elapsed time spent in this place.
 B = Non-inter-level travel time spent in this place.
 C = Inter-level travel time spent in this place.
 D = Time resting spent in this place.
 E = Time spent auto-exploring this place.
 F = Levels seen in this place.
 G = Mean time per level.
                   A        B        C        D        E       F      G
               +--------+--------+--------+--------+--------+-----+--------+
         Total |   3630 |   3610 |     20 |      0 |   2764 |   5 |  726.0 |
       Dungeon |   3630 |   3610 |     20 |      0 |   2764 |   5 |  726.0 |
               +--------+--------+--------+--------+--------+-----+--------+

Top non-repeatable levels by time:
     D:2: 1433 daAuts
     D:1: 903 daAuts
     D:3: 818 daAuts
     D:4: 446 daAuts
     D:5: 28 daAuts
